 Dungeon Crawl Stone Soup version 0.21.1-1-g345015f (webtiles) character file.

6533 inc the Fiendish (level 10, -8/74 HPs)
             Began as a Demonspawn Monk on June 15, 2018.
             Was a Priest of Makhleb.
             Mangled by a wyvern (11 damage)
             ... on level 9 of the Dungeon.
             The game lasted 00:24:02 (11511 turns).

inc the Fiendish (Demonspawn Monk)                 Turns: 11511, Time: 00:24:03

Health: -8/74      AC:  8    Str: 13    XL:     10   Next: 69%
Magic:  18/18      EV: 14    Int: 14    God:    Makhleb [***...]
Gold:   471        SH:  0    Dex: 15    Spells: 9/9 levels left

rFire    . . .     SeeInvis .   z - +0 war axe
rCold    + . .     Gourm    .   (no shield)
rNeg     . . .     Faith    .   k - +0 ring mail
rPois    .         Spirit   .   (no helmet)
rElec    .         Reflect  .   C - +1 cloak
rCorr    .         Harm     .   (no gloves)
MR       .....                  (no boots)
Stlth    ++........             f - amulet of magic regeneration
HPRegen  0.22/turn              p - ring of stealth
MPRegen  0.41/turn              (no ring)

@: no status effects
A: hooves 1, cold resistance 1, freezing cloud immunity, sturdy frame 1
a: Minor Destruction, Lesser Servant of Makhleb, Renounce Religion


You were on level 9 of the Dungeon.
You worshipped Makhleb.
Makhleb was most pleased with you.
You were not hungry.

You visited 1 branch of the dungeon, and saw 10 of its levels.

You collected 471 gold pieces.

Inventory:

Hand Weapons
 a - a +0 hand axe
 y - a +1 dire flail of protection
 z - a +0 war axe (weapon)
Armour
 b - a +0 robe
 d - a +0 leather armour
 k - a +0 ring mail (worn)
 C - a +1 cloak (worn)
 G - a +0 leather armour
Jewellery
 f - an amulet of magic regeneration (around neck)
 p - a ring of stealth (left hand)
Wands
 w - a wand of iceblast (2)
 B - a wand of disintegration (18)
 I - a wand of flame (60)
 L - a wand of polymorph (14)
Scrolls
 g - 2 scrolls of magic mapping {unknown}
 h - 2 scrolls of blinking
 i - 4 scrolls of fog {unknown}
 n - 6 scrolls of remove curse
 q - a scroll of immolation {unknown}
 t - 4 scrolls of teleportation
 v - 2 scrolls of enchant weapon {unknown}
 x - 3 scrolls of enchant armour {unknown}
 A - a scroll of random uselessness {unknown}
 J - a scroll of vulnerability {unknown}
Potions
 e - 3 potions of haste {unknown}
 j - 6 potions of curing
 l - 2 potions of heal wounds
 m - a potion of invisibility
 r - 4 potions of lignification
 s - 3 potions of brilliance {unknown}
 u - 6 potions of degeneration
 D - 2 potions of agility
 E - a potion of mutation {unknown}
 F - 2 potions of flight {unknown}
 H - 3 potions of ambrosia {unknown}
Books
 o - a book of Cantrips

   Spells                             Type                      Level
   a - Confusing Touch                Hexes                        1
   b - Animate Skeleton               Necromancy                   1
   c - Summon Small Mammal            Summoning                    1
   d - Apportation                    Translocation                1
 K - a book of Changes

   Spells                             Type                      Level
   a - Beastly Appendage              Transmutation                1
   b - Sticks to Snakes               Transmutation                2
   c - Spider Form                    Transmutation/Poison         3
   d - Ice Form                       Ice/Transmutation            4
   e - Blade Hands                    Transmutation                5
Comestibles
 c - 14 rations


   Skills:
 - Level 5.4 Fighting
 + Level 10.0 Axes
 - Level 5.9 Armour
 - Level 5.0 Dodging
 - Level 1.7 Stealth
 - Level 10.8 Invocations


You had 9 spell levels left.
You didn't know any spells.

Dungeon Overview and Level Annotations

Branches:
Dungeon (10/15)            Temple (0/1) D:6
   Lair: D:8-11         Orc: D:9-12

Altars:
Cheibriados
Elyvilon
Gozag
Hepliaklqana
Kikubaaqudgha
Makhleb
Nemelex Xobeh
Ru
Sif Muna
Trog
Uskayaw
Vehumet

Shops:
D:6 (

Annotations:
D:3 kae's ghost, amateur HOFi
D:5 Sigmund


Innate Abilities, Weirdness & Mutations

You have large cloven feet.
Your flesh is cold resistant. (rC+)
You are immune to freezing clouds.
Your movements are slightly less encumbered by armour. (ER -2)


Message History

The wyvern is almost dead.
The wyvern bites you. The wyvern barely misses you.
You closely miss the wyvern.
The wyvern is severely wounded.
The wyvern bites you!
* * * LOW HITPOINT WARNING * * *
You hit the wyvern. Your kick misses the wyvern.
The wyvern is almost dead.
The wyvern completely misses you. The wyvern bites you!
* * * LOW HITPOINT WARNING * * *
You hit the wyvern but do no damage.
The wyvern is almost dead.
The wyvern bites you!
* * * LOW HITPOINT WARNING * * *
Press: ? - help, Shift-Dir - straight line, f - wyvern
Aim: a wyvern (almost dead)
The zap hits the wyvern.
The wyvern is almost dead.
The wyvern bites you!
You die...

.....#.....#......#########.+....
.....#.....#......#.......#.#....
.....#.#####......#.......#.#....
..................#.......#.#....
..................###'#####.#####
.......#######.#........ยง........
.......#.......#.................
.......#.......#.................
.......#.......#@................
.......#########.l.##############
...........5.......#
...................#
#########..........# #..........#
########...# #####


You could see a wyvern.

Vanquished Creatures
  2 two-headed ogres (D:9)
  A gargoyle (D:9)
  A troll (D:9)
  Grinder (D:6)
  A hornet (D:7)
  A hippogriff (D:9)
  A hungry ghost (D:9)
  Edmund (D:5)
  6 orc warriors
  4 ice beasts
  A sky beast (D:9)
  3 ogres
  3 centaurs
  6 bullfrogs
  2 big kobolds
  A jelly (D:9)
  2 killer bees (D:8)
  2 crimson imps
  A bullfrog skeleton (D:5)
  A hound (D:8)
  5 orc priests
  5 iguanas
  Terence (D:2)
  6 orc wizards
  10 worker ants
  A worker ant zombie (D:5)
  4 gnolls (D:6)
  14 adders
  2 shadow imps
  An ooze (D:1)
  A worm (D:3)
  An adder skeleton (D:5)
  An adder zombie (D:6)
  4 dart slugs
  3 leopard geckos
  24 orcs
  9 bats
  2 giant cockroaches
  10 goblins
  16 hobgoblins
  11 jackals
  9 kobolds
  A quokka (D:2)
  2 ball pythons
  A frilled lizard (D:1)
  8 rats
193 creatures vanquished.

Vanquished Creatures (collateral kills)
  3 gargoyles (D:9)
  2 ogres (D:9)
  7 killer bees (D:8)
  A jelly (D:9)
  A centaur skeleton (D:8)
  An orc wizard (D:9)
  An adder (D:9)
  A shadow imp (D:9)
  An adder zombie (D:9)
  4 orcs (D:9)
22 creatures vanquished.

Grand Total: 215 creatures vanquished

Notes
Turn   | Place    | Note
-------+----------+-------------------------------------------
     0 | D:1      | inc the Demonspawn Monk began the quest for the Orb.
     0 | D:1      | Reached XP level 1. HP: 18/18 MP: 1/1
   380 | D:1      | Gained mutation: Your flesh is cold resistant. (rC+) [demonic ancestry]
   380 | D:1      | Reached XP level 2. HP: 13/24 MP: 2/2
   969 | D:2      | Noticed Terence
  1009 | D:3      | Reached XP level 3. HP: 19/29 MP: 3/3
  1227 | D:3      | Noticed kae's ghost (amateur HOFi)
  1375 | D:3      | Found a white marble altar of Elyvilon.
  1421 | D:3      | Found an ancient bone altar of Kikubaaqudgha.
  1683 | D:2      | Gained mutation: You have large cloven feet. [demonic ancestry]
  1683 | D:2      | Reached XP level 4. HP: 13/35 MP: 4/4
  2693 | D:2      | Reached skill level 5 in Axes
  2853 | D:2      | Killed Terence
  2853 | D:2      | Reached XP level 5. HP: 21/41 MP: 5/5
  3459 | D:4      | Found a burning altar of Makhleb.
  3464 | D:4      | Became a worshipper of Makhleb the Destroyer
  3464 | D:4      | Reached * piety under Makhleb
  3464 | D:4      | Reached ** piety under Makhleb
  3597 | D:4      | Noticed a phantom
  3736 | D:4      | Reached skill level 1 in Invocations
  3778 | D:4      | Noticed an ogre
  4176 | D:4      | Reached XP level 6. HP: 39/47 MP: 8/8
  4888 | D:5      | Entered Level 5 of the Dungeon
  4906 | D:5      | Noticed a two-headed ogre
  4921 | D:5      | Noticed Sigmund
  5082 | D:5      | Found a snail-covered altar of Cheibriados.
  5309 | D:5      | Reached skill level 5 in Invocations
  5353 | D:5      | Found a radiant altar of Vehumet.
  5675 | D:5      | Gained mutation: You are immune to freezing clouds. [demonic ancestry]
  5675 | D:5      | Reached XP level 7. HP: 48/52 MP: 10/12
  5676 | D:5      | Noticed Edmund
  5698 | D:5      | Killed Edmund
  5859 | D:5      | Found a sparkling altar of Nemelex Xobeh.
  6143 | D:5      | Found a bloodstained altar of Trog.
  6360 | D:6      | Noticed Grinder
  6364 | D:6      | Paralysed by Grinder for 4 turns
  6371 | D:6      | Killed Grinder
  6371 | D:6      | Reached skill level 10 in Invocations
  6371 | D:6      | Gained mutation: Your movements are slightly less encumbered by armour. (ER -2) [demonic ancestry]
  6371 | D:6      | Reached XP level 8. HP: 47/58 MP: 15/15
  6455 | D:6      | Reached *** piety under Makhleb
  6503 | D:6      | Found a staircase to the Ecumenical Temple.
  6707 | D:6      | Found Pomu's Weapon Shop.
  6954 | D:7      | Noticed a hornet
  6961 | D:7      | Killed a hornet
  7270 | D:7      | Reached skill level 5 in Fighting
  7288 | D:7      | Noticed an enchanted hand axe
  7289 | D:7      | Noticed a dagger
  7292 | D:7      | Found a hide-covered altar of Uskayaw.
  7584 | D:7      | Reached XP level 9. HP: 68/68 MP: 17/17
  7661 | D:7      | You fall through a shaft!
  7920 | D:7      | Found a deep blue altar of Sif Muna.
  8054 | D:7      | Found an opulent altar of Gozag.
  8345 | D:8      | Reached skill level 5 in Dodging
  8392 | D:8      | Reached skill level 1 in Armour
  9224 | D:8      | Found a sacrificial altar of Ru.
  9357 | D:8      | Reached skill level 5 in Armour
  9720 | D:9      | Noticed a troll
  9735 | D:9      | Killed a troll
  9846 | D:9      | Noticed a two-headed ogre
  9862 | D:9      | Killed a two-headed ogre
  9862 | D:9      | Reached XP level 10. HP: 44/74 MP: 18/18
 10219 | D:9      | Found a hazy altar of Hepliaklqana.
 10268 | D:9      | Noticed a two-headed ogre
 10290 | D:9      | Killed a two-headed ogre
 10508 | D:9      | Reached **** piety under Makhleb
 10526 | D:9      | Found a bloodstained altar of Trog.
 10845 | D:9      | Noticed a gargoyle
 10857 | D:9      | Killed a gargoyle
 10869 | D:9      | Noticed a gargoyle
 10889 | D:9      | Killed a gargoyle
 11200 | D:9      | Noticed a gargoyle
 11213 | D:9      | Killed a gargoyle
 11215 | D:9      | Noticed a gargoyle
 11222 | D:9      | Killed a gargoyle
 11222 | D:9      | Reached skill level 10 in Axes
 11498 | D:10     | Entered Level 10 of the Dungeon
 11511 | D:9      | Mangled by a wyvern

Skill      XL: |  1  2  3  4  5  6  7  8  9 10 |
---------------+-------------------------------+-----
Axes           | 3 4 5 7 10 | 10.0
Invocations    | 3 6 10 | 10.8
Dodging        | 4 5 |  5.0
Fighting       | 5 |  5.4
Armour         | 5 |  5.9
Stealth        | |  1.7

Action                   |  1- 3 |  4- 6 |  7- 9 | 10-12 || total
-------------------------+-------+-------+-------+-------++-------
Melee: Hand axe          |   170 |   203 |     9 |       ||   382
       Kick              |       |    53 |    19 |    14 ||    86
       War axe           |       |       |    77 |    58 ||   135
Invok: Minor Destruction |       |    41 |   202 |    58 ||   301
       Lesser Servant of |       |       |     4 |     7 ||    11
  Use: Scroll            |     1 |     4 |     3 |       ||     8
 Stab: Sleeping          |     3 |     5 |     2 |     1 ||    11
       Distracted        |     1 |       |       |       ||     1
       Paralysed         |       |       |     1 |       ||     1
  Eat: Chunk             |     3 |     9 |     9 |     3 ||    24
       Ration            |       |     1 |     1 |     2 ||     4
Armor: Leather armour    |    50 |       |    18 |       ||    68
       Ring mail         |    15 |    46 |    12 |    16 ||    89
Dodge: Dodged            |   139 |   119 |   139 |    36 ||   433
